 Dungeon Crawl Stone Soup version 0.17-a0-737-gf0a300a (webtiles) character file.

234 PolkaDot the Ruffian (level 5, -1/45 HPs)
             Began as a Draconian Gladiator on Apr 24, 2015.
             Slain by Edmund
             ... wielding a cursed -2 dire flail
              (8 damage)
             ... on level 4 of the Dungeon.
             The game lasted 00:11:09 (3258 turns).

PolkaDot the Ruffian (Draconian Gladiator)          Turns: 3258, Time: 00:11:09

Health: -1/45      AC:  9    Str: 18    XL:     5   Next: 75%
Magic:  5/5        EV: 13    Int:  8    God:
Gold:   182        SH:  0    Dex: 12    Spells: 0 memorised, 4 levels left

rFire  . . .     SeeInvis .       - Unarmed
rCold  . . .     Clarity  .     (armour unavailable)
rNeg   . . .     SustAb   .     (no shield)
rPois  .         Gourm    .     e - +0 hat
rElec  .         Spirit   .     (no cloak)
rCorr  .         Warding  .     (no gloves)
rMut   .         Stasis   .     (no boots)
MR     .....                    (no amulet)
Stlth  +.........               (no ring)
                                m - +4 ring of protection

@: not resistant to hostile enchantments, very unstealthy
A: unfitting armour, cold-blooded, AC +5
a: no special abilities


You were on level 4 of the Dungeon.
You were not hungry.

You visited 1 branch of the dungeon, and saw 4 of its levels.

You collected 182 gold pieces.

Inventory:

Hand weapons
 a - a +0 hunting sling of flaming
Missiles
 b - 3 throwing nets (quivered)
 h - 120 stones
 o - 34 sling bullets
Armour
 e - a +0 hat (worn)
Jewellery
 m - a +4 ring of protection (left hand)
Scrolls
 d - 4 scrolls of identify {unknown}
 g - a scroll of immolation {unknown}
 i - 4 scrolls of teleportation {unknown}
 k - a scroll of magic mapping {unknown}
 l - 2 scrolls of remove curse {unknown}
 n - a scroll of fog {unknown}
Potions
 q - a potion of brilliance
Comestibles
 c - a bread ration
 f - 2 meat rations
 j - 2 beef jerkies
 p - 3 chunks of flesh


   Skills:
 + Level 3.4 Fighting
 - Level 1.7 Throwing
 + Level 3.9 Dodging
 * Level 5.1 Unarmed Combat


You had 4 spell levels left.
You didn't know any spells.

Dungeon Overview and Level Annotations

Branches:
Dungeon (4/15)
 Temple: D:4-7

Altars:

Annotations:
D:4 Edmund; Sigmund; SosiskaBagetyon's ghost, average HuGl


Innate Abilities, Weirdness & Mutations

Your plain brown scales are hard (AC +5).
Your body does not fit into most forms of armour.
You are cold-blooded and may be slowed by cold attacks.


Message History

You hit Edmund.
Edmund is moderately wounded.
Edmund hits you with an enchanted dire flail.
* * * LOW HITPOINT WARNING * * *
You hit Edmund.
Edmund is moderately wounded.
Edmund hits you with an enchanted dire flail.
* * * LOW HITPOINT WARNING * * *
You barely miss Edmund.
Edmund is moderately wounded.
Edmund hits you with an enchanted dire flail!
* * * LOW HITPOINT WARNING * * *
You hit Edmund but do no damage.
Edmund is moderately wounded.
Edmund hits you with an enchanted dire flail!
* * * LOW HITPOINT WARNING * * *
Edmund hits you but does no damage.
Edmund says, "I might not be good at magic, but I can still kill you!"
Edmund hits you with an enchanted dire flail!
You die...

#.$...... . ###.......#.###
.......(..#....
.......(..... .....#)....#
### #.......# #....#
#..#....######.# #....#
#..#....@......# #....#
#>#.....@#####.# #.(..#
#...#.#........#### #..(.#
#..................
#....####.#.#.#...###..##..
.......#..#.......###..#
.....†<.................
...)......######...#...
.#...##..## ##..# .?
##...##..# #....


You could see Edmund.

Vanquished Creatures
  2 orc wizards (D:3)
  Ijyb (D:2)
  A worker ant (D:4)
  2 adders (D:2)
  A gnoll (D:1)
  2 worms
  2 giant geckos
  3 orcs (D:3)
  2 giant cockroaches
  14 hobgoblins
  12 jackals
  6 kobolds
  5 quokkas
  A ball python (D:2)
  9 bats
  3 giant newts
  11 goblins
  5 rats
82 creatures vanquished.

Notes
Turn   | Place    | Note
--------------------------------------------------------------
     0 | D:1      | PolkaDot, the Draconian Gladiator, began the quest for the Orb.
     0 | D:1      | Reached XP level 1. HP: 17/17 MP: 1/1
   363 | D:2      | Reached XP level 2. HP: 24/24 MP: 2/2
   470 | D:2      | Noticed Ijyb
   500 | D:2      | Killed Ijyb
   500 | D:2      | Reached XP level 3. HP: 28/30 MP: 3/3
   572 | D:2      | Reached skill level 4 in Unarmed Combat
   786 | D:2      | Reached XP level 4. HP: 27/37 MP: 4/4
  1780 | D:3      | Reached XP level 5. HP: 23/45 MP: 5/5
  2378 | D:3      | Reached skill level 5 in Unarmed Combat
  3067 | D:4      | Noticed Sigmund
  3119 | D:4      | Noticed SosiskaBagetyon's ghost (average HuGl)
  3240 | D:4      | Noticed Edmund
  3258 | D:4      | Slain by Edmund

Action                   |  1- 3 |  4- 6 || total
-------------------------+-------+-------++-------
Melee: Unarmed           |    94 |    43 ||   137
 Fire: Hunting sling     |     9 |   175 ||   184
Throw: Throwing net      |     4 |       ||     4
  Use: Potion            |     1 |     3 ||     4
 Stab: Held in net/web   |     1 |       ||     1
  Eat: Chunk             |       |     6 ||     6
       Bread ration      |       |     1 ||     1
